[Event "Titled Tuesday Blitz March 21 Early 2023"]
[White "Bachmann, Axel"]
[Black "Bluebaum, Matthias"]
[WhiteFideId "3700488"]
[BlackFideId "24651516"]
[WhiteElo "2605"]
[BlackElo "2638"]
[Result "1-0"]
[Round "05"]
[TimeControl "180+2"]
[Date "2023.03.21"]
[WhiteClock "0:00:10"]
[BlackClock "0:00:01"]

1. c4 e6 2. Nf3 d5 3. e3 Nf6 4. b3 Bd6 5. Bb2 O-O 6. Nc3 c5 7. cxd5 exd5 8. d4 Nc6 9. Be2 cxd4 10. Nxd4 Nxd4 11. Qxd4 Re8 12. O-O Be5 13. Qd2 d4 14. Nb5 Ne4 15. Qd3 Nc5 16. Qc4 d3 17. Bh5 Be6 18. Qxc5 Bxb2 19. Rad1 Rc8 20. Qb4 a5 21. Qd2 Be5 22. Qxd3 Qh4 23. f4 Qxh5 24. fxe5 Qxe5 25. Nd4 Bd5 26. Rf5 Qe4 27. Qxe4 Bxe4 28. Rxa5 h6 29. h3 Rc3 30. Kf2 Bg6 31. Re1 Rd3 32. Re2 Rc8 33. Rb5 Be4 34. Rb4 Rd1 35. Kg3 f5 36. Kh2 Rcc1 37. Ne6 g5 38. Rb5 Kf7 39. Rb6 Bc6 40. Nd4 Be4 41. Rxh6 Kg7 42. Rb6 Rh1+ 43. Kg3 Rcf1 44. Ne6+ Kg8 45. Nxg5 Bc6 46. Nf3 Rc1 47. Kf4 Rhf1 48. Kg3 Kf7 49. Nd4 Be4 50. Rb5 Rg1 51. Rf2 Rc3 52. Nxf5 Bc6 53. Rb4 Ke8 54. Rbf4 Kd7 55. Kh2 Rcc1 56. Nd4 Rh1+ 57. Kg3 Rce1 58. Rf7+ Kd6 59. Nxc6 bxc6 60. R7f6+ Ke5 61. R6f3 c5 62. Kg4 Ke4 63. Rf4+ Kxe3 64. R2f3+ Kd2 65. Rc4 Re2 66. g3 Rhe1 67. Rxc5 Re8 68. Rff5 R1e4+ 69. Rf4 R4e7 70. Rd4+ Ke3 71. Rf4 Rg8+ 72. Rg5 Ra8 73. h4 Rxa2 74. b4 Rb2 75. b5 Rb7 76. h5 Rh2 77. Rf3+ Ke4 78. Rf4+ Ke3 79. Rf6 Ke4 80. b6 Rb2 81. h6 Rh2 82. Rg7 Rxh6 83. Rxb7 Rxf6 84. Re7+ Kd5 85. b7 Rb6 86. Kf5 Rb1 87. Kg6 Kd6 88. Kf7 Rf1+ 89. Ke8 Rb1 90. g4 Kc6 91. g5 Rb5 92. g6 1-0


[Site "https://www.chess.com"]

[Event "Titled Tuesday Blitz March 21 Early 2023"]
[White "Svane, Rasmus"]
[Black "Navara, David"]
[WhiteFideId "4657101"]
[BlackFideId "309095"]
[WhiteElo "2597"]
[BlackElo "2675"]
[Result "1/2-1/2"]
[Round "05"]
[TimeControl "180+2"]
[Date "2023.03.21"]
[WhiteClock "0:00:17"]
[BlackClock "0:00:26"]

1. Nf3 Nf6 2. g3 g6 3. Bg2 Bg7 4. O-O O-O 5. d4 d5 6. c4 c6 7. Qb3 Qb6 8. Nc3 Rd8 9. Bd2 dxc4 10. Qxc4 Be6 11. Qa4 Bf5 12. Qa3 Bf8 13. e3 e5 14. Qb3 Qxb3 15. axb3 exd4 16. Nxd4 Bc5 17. Nce2 Bd3 18. Rfc1 Nbd7 19. Nf4 Bxd4 20. Nxd3 Ne5 21. Nxe5 Bxe5 22. Rc2 Rd3 23. Bc3 Bxc3 24. bxc3 Nd5 25. Bxd5 Rxd5 26. b4 a5 27. bxa5 Rdxa5 28. Rxa5 Rxa5 29. c4 Rc5 30. Rb2 b5 31. cxb5 cxb5 32. Rd2 Rc8 33. Rb2 Rb8 34. Kf1 Kf8 35. Ke2 Ke7 36. Kd3 Kd6 37. Kd4 f5 38. h3 h5 39. f3 g5 40. e4 fxe4 41. Kxe4 b4 42. Kf5 Rb5+ 43. Kg6 h4 44. gxh4 gxh4 45. f4 b3 46. f5 Ke7 47. Kg7 Rxf5 48. Rxb3 Rg5+ 49. Kh6 Rg3 50. Rb4 Rxh3 51. Kg5 Rh2 52. Rxh4 Rxh4 53. Kxh4 1/2-1/2


[Site "https://www.chess.com"]

[Event "Titled Tuesday Blitz March 21 Early 2023"]
[White "Mitrabha, Guha"]
[Black "Lazavik, Denis"]
[WhiteFideId "5057000"]
[BlackFideId "13515110"]
[WhiteElo "2507"]
[BlackElo "2560"]
[Result "0-1"]
[Round "05"]
[TimeControl "180+2"]
[Date "2023.03.21"]
[WhiteClock "0:00:43"]
[BlackClock "0:01:23"]

1. d4 Nf6 2. Nf3 d5 3. Bf4 c5 4. e3 Nc6 5. c3 Bg4 6. Nbd2 e6 7. Qa4 Bxf3 8. Nxf3 a6 9. Ne5 Rc8 10. Nxc6 Qd7 11. Bd3 Rxc6 12. O-O Be7 13. Rfd1 O-O 14. Be2 b5 15. Qc2 cxd4 16. exd4 b4 17. Rd3 Rfc8 18. Bd2 Ne4 19. Be1 bxc3 20. bxc3 Qc7 21. Rb1 g6 22. Rb3 a5 23. a4 Rc4 24. Rb5 Nxc3 25. Rxc3 Rxc3 26. Bxc3 Qxc3 27. Qxc3 Rxc3 28. Rxa5 Rc2 29. Bd3 Rd2 30. Bf1 Bf6 31. Ra8+ Kg7 32. g3 Bxd4 33. Bb5 Rxf2 34. Kh1 h5 35. a5 g5 36. Rc8 Ra2 37. a6 Ra1+ 38. Kg2 g4 39. Bf1 f5 40. h3 gxh3+ 0-1


[Site "https://www.chess.com"]

[Event "Titled Tuesday Blitz March 21 Early 2023"]
[White "Bortnyk, Olexandr"]
[Black "Movahed, Sina"]
[WhiteFideId "14120828"]
[BlackFideId "42520835"]
[WhiteElo "2734"]
[BlackElo "2225"]
[Result "1-0"]
[Round "05"]
[TimeControl "180+2"]
[Date "2023.03.21"]
[WhiteClock "0:01:20"]
[BlackClock "0:01:09"]

1. d4 Nf6 2. Nc3 d5 3. Bf4 c5 4. e4 Nxe4 5. Nxe4 dxe4 6. dxc5 Qa5+ 7. c3 Qxc5 8. Qa4+ Nc6 9. Qxe4 Bf5 10. Qa4 O-O-O 11. Nf3 e5 12. Be3 Qd5 13. Bc4 Qe4 14. O-O Kb8 15. Ng5 Qh4 16. Nxf7 Rd7 17. Nxh8 e4 18. Rad1 Bd6 19. g3 Qh3 20. Rxd6 Rxd6 21. Bf4 e3 22. Bxd6+ Kc8 23. fxe3 Be4 24. Rf2 Kd7 25. Nf7 Qh5 26. Be6+ 1-0


[Site "https://www.chess.com"]

[Event "Titled Tuesday Blitz March 21 Early 2023"]
[White "Moussard, Jules"]
[Black "Howell, David W L"]
[WhiteFideId "642908"]
[BlackFideId "410608"]
[WhiteElo "2610"]
[BlackElo "2567"]
[Result "0-1"]
[Round "05"]
[TimeControl "180+2"]
[Date "2023.03.21"]
[WhiteClock "0:00:02"]
[BlackClock "0:00:09"]

1. Nf3 g6 2. g3 Bg7 3. Bg2 c5 4. O-O Nc6 5. e4 e5 6. d3 Nge7 7. Be3 b6 8. c3 d5 9. exd5 Nxd5 10. Re1 O-O 11. a4 h6 12. a5 Be6 13. axb6 axb6 14. Rxa8 Qxa8 15. Bd2 Rd8 16. Na3 Kh7 17. Qc2 Bf5 18. Nh4 Be6 19. Nf3 Bf5 20. Nc4 Qb8 21. Nh4 Be6 22. Nf3 Bf5 23. Nh4 Be6 24. Ra1 b5 25. Ne3 Nde7 26. Nf3 Qd6 27. Ne1 f5 28. Ra6 e4 29. Bf1 Qd7 30. Bc1 exd3 31. Nxd3 Qd6 32. Nf4 Bc8 33. Ra1 c4 34. h4 Ne5 35. Bg2 Qd7 36. Qe2 Bb7 0-1


[Site "https://www.chess.com"]

[Event "Titled Tuesday Blitz March 21 Early 2023"]
[White "Vasquez Schroeder, Rodrigo"]
[Black "Shimanov, Aleksandr"]
[WhiteFideId "3400042"]
[BlackFideId "4198603"]
[WhiteElo "2600"]
[BlackElo "2631"]
[Result "0-1"]
[Round "05"]
[TimeControl "180+2"]
[Date "2023.03.21"]
[WhiteClock "0:00:15"]
[BlackClock "0:00:03"]

1. e4 d5 2. exd5 Qxd5 3. Nc3 Qe5+ 4. Be2 Bg4 5. d4 Bxe2 6. Ngxe2 Qa5 7. O-O Nf6 8. Nf4 c6 9. Re1 e6 10. Nd3 Be7 11. Qf3 O-O 12. Bd2 Qb6 13. Ne2 Nbd7 14. c4 Rad8 15. Bc3 Rfe8 16. Rad1 Qa6 17. Ne5 Nxe5 18. dxe5 Nd7 19. Qg4 Nb6 20. b3 Qxa2 21. Nd4 Rxd4 22. Bxd4 Qxb3 23. Bxb6 Qxb6 24. Rd7 a5 25. g3 a4 26. Qd1 a3 27. Re2 g6 28. Qd3 Qb4 29. Kg2 Ra8 30. Ra2 Kf8 31. h4 h5 32. Rd4 Qc5 33. Re4 Rd8 34. Qe2 Kg7 35. Rf4 Rd7 36. Re4 Qb4 37. Qf3 Qb1 38. Ree2 Qc1 39. Rec2 Qb1 40. Re2 Qb4 41. Qe4 Qc5 42. Rec2 Rd4 43. Qe2 Qb4 44. Qe3 Bc5 45. Rc3 Qb6 46. Qf3 Qd8 47. Rb3 Qe7 48. Raxa3 Bxa3 49. Rxa3 Rxc4 50. Rd3 Rc5 51. Qf4 Rd5 52. Rf3 b5 53. Re3 b4 54. Rf3 c5 55. Re3 Rd4 56. Qf3 Qd8 57. Kh2 c4 58. Qb7 c3 59. Rf3 Qd7 60. Qb6 Qd5 61. Rf6 Qxe5 62. Rf3 Qd5 63. Kg2 Rd3 0-1


[Site "https://www.chess.com"]

[Event "Titled Tuesday Blitz March 21 Early 2023"]
[White "Drygalov, Andrey"]
[Black "Daneshvar, Bardiya"]
[WhiteFideId "24171735"]
[BlackFideId "12576468"]
[WhiteElo "2471"]
[BlackElo "2468"]
[Result "1/2-1/2"]
[Round "05"]
[TimeControl "180+2"]
[Date "2023.03.21"]
[WhiteClock "0:01:23"]
[BlackClock "0:01:28"]

1. e4 g6 2. d4 Bg7 3. Nc3 d6 4. f4 a6 5. Nf3 b5 6. Bd3 Bb7 7. Be3 Nd7 8. e5 e6 9. O-O Nh6 10. Kh1 Nf5 11. Bg1 Qe7 12. a4 b4 13. Ne4 d5 14. Nc5 Nxc5 15. dxc5 a5 16. Qe2 O-O 17. Nd4 Qh4 18. Nxf5 exf5 19. Bd4 Rfe8 20. Qf3 c6 21. g3 Qe7 22. Rae1 Ba6 23. g4 Bxd3 24. cxd3 Qe6 25. g5 h5 26. b3 Bf8 27. Kg2 Be7 28. h4 Reb8 29. Re2 Kf8 30. Rc1 Ke8 31. Qf2 Kd7 32. Qf3 Kc7 33. Qf2 Kb7 34. Qf3 Re8 35. Kf1 Rg8 36. Rcc2 Rae8 37. Ke1 Bd8 38. Kd1 Qd7 39. Rcd2 Re6 40. Ke1 Qc8 41. Kf1 Be7 42. Rd1 Qf8 43. Qf2 Qc8 44. Rc1 Re8 45. Rcc2 Bd8 46. Qf3 Qd7 47. Qf2 Qe7 48. Qf3 Qf8 49. Qf2 Qg8 50. Qf3 Qg7 51. Qf2 Qf8 52. Qf3 Qe7 53. Qf2 Qd7 54. Qf3 Qc8 55. Qf2 Ka8 56. Qf3 R6e7 57. Qf2 Ra7 58. Qf3 Re6 59. Kf2 Rae7 1/2-1/2


[Site "https://www.chess.com"]

[Event "Titled Tuesday Blitz March 21 Early 2023"]
[White "Zhigalko, Sergei"]
[Black "Terry, Renato"]
[WhiteFideId "13502956"]
[BlackFideId "3803457"]
[WhiteElo "2626"]
[BlackElo "2579"]
[Result "1-0"]
[Round "05"]
[TimeControl "180+2"]
[Date "2023.03.21"]
[WhiteClock "0:00:06"]
[BlackClock "0:00:01"]

1. e4 g6 2. d4 Bg7 3. Nc3 c6 4. Nf3 d5 5. Bd3 Nh6 6. Qe2 f6 7. O-O Nf7 8. Re1 e6 9. Bf4 O-O 10. Bg3 a6 11. Rad1 Nd7 12. h3 Nb6 13. a4 a5 14. b3 Bd7 15. Qd2 Nc8 16. Re2 Ncd6 17. Rde1 f5 18. exd5 exd5 19. Ne5 Ne4 20. Bxe4 fxe4 21. f4 Nxe5 22. fxe5 Qe7 23. Nd1 Be6 24. Rf2 Rxf2 25. Bxf2 b6 26. Be3 Qb4 27. Nc3 Rf8 28. Rd1 Rf7 29. Kh2 Bf8 30. Qe1 Be7 31. Kh1 h5 32. Qd2 Kh7 33. Kg1 Bf8 34. Kh1 Be7 35. Kg1 Bh4 36. Kh1 Qf8 37. Kg1 Bg3 38. Qe2 Qb4 39. Qd2 Bh4 40. Ne2 Qe7 41. Rf1 Rxf1+ 42. Kxf1 g5 43. g3 Bxh3+ 44. Kg1 Qf7 45. Qe1 Qf3 46. Qf2 Bg4 47. gxh4 Qxe2 48. Qxe2 Bxe2 49. Bxg5 Bg4 50. Bd8 Bd1 51. Bxb6 Bxc2 52. e6 Kg6 53. Bxa5 1-0


[Site "https://www.chess.com"]

[Event "Titled Tuesday Blitz March 21 Early 2023"]
[White "Aditya Mittal"]
[Black "Nguyen, Ngoc Truong Son"]
[WhiteFideId "35042025"]
[BlackFideId "12401110"]
[WhiteElo "2396"]
[BlackElo "2571"]
[Result "0-1"]
[Round "05"]
[TimeControl "180+2"]
[Date "2023.03.21"]
[WhiteClock "0:00:01"]
[BlackClock "0:00:12"]

1. d4 Nf6 2. c4 g6 3. Nc3 Bg7 4. e4 d6 5. Be2 O-O 6. Be3 c6 7. f4 a6 8. Nf3 b5 9. a3 bxc4 10. Bxc4 d5 11. Bd3 dxe4 12. Nxe4 Nd5 13. Qd2 Bf5 14. O-O Bxe4 15. Bxe4 Nd7 16. Rac1 N7f6 17. Bb1 Ng4 18. Bf2 Nxf2 19. Rxf2 Qd6 20. Ne5 Rac8 21. b4 Rfd8 22. Ba2 e6 23. h3 Ne7 24. Rc4 Nf5 25. Qe1 Nxd4 26. g4 c5 27. Qe3 cxb4 28. axb4 Rxc4 29. Bxc4 Qxb4 30. Bxa6 Bxe5 31. fxe5 Nc6 32. Bf1 Qd4 33. Qg5 Nxe5 34. Kg2 Qd5+ 35. Kg3 Nd3 36. Qf6 Nxf2 37. Kxf2 Qd4+ 0-1


[Site "https://www.chess.com"]

[Event "Titled Tuesday Blitz March 21 Early 2023"]
[White "Lenderman, Aleksandr"]
[Black "Tanenbaum, Zachary"]
[WhiteFideId "2021285"]
[BlackFideId "2060850"]
[WhiteElo "2607"]
[BlackElo "2175"]
[Result "1-0"]
[Round "05"]
[TimeControl "180+2"]
[Date "2023.03.21"]
[WhiteClock "0:02:00"]
[BlackClock "0:00:07"]

1. Nf3 d5 2. e3 Nf6 3. c4 dxc4 4. Bxc4 e6 5. O-O c5 6. d4 a6 7. b3 Nc6 8. Bb2 cxd4 9. Nxd4 Bd7 10. Nd2 Nxd4 11. Bxd4 Bc6 12. Nf3 Be7 13. Ne5 Bd5 14. Qe2 O-O 15. Rfd1 Qa5 16. Bxd5 Nxd5 17. Nc4 Qb5 18. a4 Qxb3 19. Rdb1 Nc3 20. Qd3 Qxb1+ 21. Rxb1 Nxb1 22. Qxb1 b5 23. axb5 axb5 24. Ne5 Rfc8 25. g4 b4 26. Kg2 Rab8 27. Qb3 h6 28. Nf3 Bf6 29. Bxf6 gxf6 30. Nd2 Rc3 31. Qb2 f5 32. gxf5 exf5 33. Nb3 Kh7 34. Nd4 f4 35. Qb1+ Kh8 36. Qf5 Rg8+ 37. Kf3 fxe3 38. fxe3 Rc1 39. Qf6+ Kh7 40. Nf5 Rf1+ 41. Ke2 Rfg1 42. Qxh6# 1-0


[Site "https://www.chess.com"]

[Event "Titled Tuesday Blitz March 21 Early 2023"]
[White "Ter-Sahakyan, Samvel"]
[Black "Kaufman, Raymond"]
[WhiteFideId "13302531"]
[BlackFideId "2015056"]
[WhiteElo "2566"]
[BlackElo "2321"]
[Result "1-0"]
[Round "05"]
[TimeControl "180+2"]
[Date "2023.03.21"]
[WhiteClock "0:00:09"]
[BlackClock "0:00:01"]

1. d4 Nf6 2. c4 e6 3. Nf3 d5 4. Nc3 Bb4 5. Qa4+ Nc6 6. Bd2 Bd7 7. Qb3 dxc4 8. Qxc4 O-O 9. g3 h6 10. Bg2 Bd6 11. O-O e5 12. dxe5 Nxe5 13. Nxe5 Bxe5 14. Bf4 Be6 15. Qb4 Bxf4 16. gxf4 a5 17. Qxb7 Rb8 18. Qa7 Rxb2 19. Rfd1 Qb8 20. Qxa5 c5 21. e3 Qb4 22. Qxb4 cxb4 23. Nd5 Nxd5 24. Bxd5 Bxd5 25. Rxd5 Ra8 26. Rd4 b3 27. a4 Rc2 28. Rb4 b2 29. Rf1 Ra6 30. Kg2 Rd2 31. Kf3 Rc2 32. h4 Rc1 33. Kg2 Rxf1 34. Kxf1 Rxa4 35. Rxb2 Ra5 36. Kg2 h5 37. Kf3 g6 38. Rb6 Ra3 39. f5 gxf5 40. Rb5 Ra4 41. Kg3 Rg4+ 42. Kh3 Re4 43. Rxf5 Kg7 44. Rxh5 Kg6 45. Rg5+ Kf6 46. Kg3 Ra4 47. Rg4 Ra1 48. Kg2 Ra2 49. Rg3 1-0


[Site "https://www.chess.com"]

[Event "Titled Tuesday Blitz March 21 Early 2023"]
[White "Naroditsky, Daniel"]
[Black "Postny, Evgeny"]
[WhiteFideId "2026961"]
[BlackFideId "2804344"]
[WhiteElo "2633"]
[BlackElo "2509"]
[Result "1-0"]
[Round "05"]
[TimeControl "180+2"]
[Date "2023.03.21"]
[WhiteClock "0:01:03"]
[BlackClock "0:00:44"]

1. d4 Nf6 2. Nc3 d5 3. Bf4 a6 4. e3 e6 5. a3 Bd6 6. Nf3 c5 7. dxc5 Bxc5 8. Bd3 Nc6 9. O-O Bd6 10. Bxd6 Qxd6 11. e4 d4 12. Nb1 e5 13. Nbd2 O-O 14. Re1 Be6 15. Ng5 Bg4 16. Qb1 h6 17. Ngf3 Nd7 18. h3 Be6 19. Nf1 Nc5 20. Ng3 Rfe8 21. Qc1 Rac8 22. Qd2 b5 23. Nh4 Bc4 24. Nhf5 Qf8 25. Nh5 Ne6 26. Nfxg7 Bxd3 27. Nxe8 Rxe8 28. cxd3 f6 29. Rac1 Ncd8 30. Qe2 Kh7 31. Qg4 1-0


[Site "https://www.chess.com"]

[Event "Titled Tuesday Blitz March 21 Early 2023"]
[White "Sanal, Vahap"]
[Black "Wei, Yi"]
[WhiteFideId "6300545"]
[BlackFideId "8603405"]
[WhiteElo "2606"]
[BlackElo "2686"]
[Result "0-1"]
[Round "05"]
[TimeControl "180+2"]
[Date "2023.03.21"]
[WhiteClock "0:00:27"]
[BlackClock "0:00:26"]

1. d4 Nf6 2. Nf3 d6 3. Nc3 Bf5 4. Nh4 Bd7 5. e4 e5 6. Nf3 Nc6 7. Bc4 Be7 8. h3 O-O 9. O-O exd4 10. Nxd4 Ne5 11. Be2 Re8 12. Re1 c6 13. Bf4 Qc7 14. Qd2 h6 15. Rad1 Bf8 16. Bg3 Rad8 17. f4 Ng6 18. Bf3 b5 19. a3 a5 20. b4 axb4 21. axb4 Qb6 22. Kh2 c5 23. Nb3 cxb4 24. Nd5 Nxd5 25. Qxd5 Rc8 26. Rd2 Rc3 27. Bh5 Bc6 28. Qd4 Qc7 29. Qxb4 Rxg3 30. Kxg3 d5 31. exd5 Bxb4 0-1


[Site "https://www.chess.com"]

[Event "Titled Tuesday Blitz March 21 Early 2023"]
[White "Erigaisi Arjun"]
[Black "Real_OceanStorm"]
[WhiteFideId "35009192"]
[WhiteElo "2737"]
[BlackElo "2816"]
[Result "1-0"]
[Round "05"]
[TimeControl "180+2"]
[Date "2023.03.21"]
[WhiteClock "0:01:03"]
[BlackClock "0:00:02"]

1. c4 Nf6 2. Nc3 e6 3. e4 d6 4. e5 dxe5 5. Nf3 Nc6 6. Be2 Be7 7. d3 O-O 8. O-O b6 9. Re1 Bb7 10. h3 h6 11. a3 Nd7 12. Be3 f5 13. b4 f4 14. Bd2 Nd4 15. Nh2 a5 16. bxa5 Rxa5 17. Nb5 Rxb5 18. cxb5 Nc5 19. Bb4 Bh4 20. Bxc5 bxc5 21. Nf3 Kh7 22. a4 Bd5 23. Nxd4 exd4 24. Bf3 Qd7 25. Qe2 Bxf3 26. Qxf3 c4 27. dxc4 d3 28. Rad1 Rd8 29. Qxf4 Be7 30. Qe4+ Kh8 31. Qxe6 d2 32. Re2 Qxe6 33. Rxe6 Bb4 34. Re4 Kg8 35. Kf1 g6 36. Ke2 Kf7 37. c5 Ba5 38. b6 cxb6 39. cxb6 Bxb6 40. Rxd2 Ra8 41. Rd7+ Kf8 42. Rd6 Bd8 43. Rxg6 h5 44. g4 hxg4 45. hxg4 Kf7 46. Rc6 Ra7 47. f4 Rb7 48. g5 Rb2+ 49. Kf3 Rb7 50. Kg4 Rd7 51. a5 Bxa5 52. Rf6+ Kg7 53. f5 Bc3 54. Rfe6 1-0


[Site "https://www.chess.com"]

[Event "Titled Tuesday Blitz March 21 Early 2023"]
[White "Sarana, Alexey"]
[Black "Averjanov, Alexey"]
[WhiteFideId "24133795"]
[BlackFideId "14109867"]
[WhiteElo "2714"]
[BlackElo "2813"]
[Result "1-0"]
[Round "05"]
[TimeControl "180+2"]
[Date "2023.03.21"]
[WhiteClock "0:00:17"]
[BlackClock "0:00:08"]

1. d4 d5 2. c4 dxc4 3. Nf3 Nf6 4. e3 e6 5. Bxc4 a6 6. Nc3 b5 7. Bb3 Bb7 8. O-O Nbd7 9. e4 b4 10. e5 bxc3 11. exf6 cxb2 12. fxg7 Bxg7 13. Bxb2 Qf6 14. Rc1 c5 15. Ba4 Rd8 16. dxc5 Qxb2 17. c6 Ke7 18. cxd7 Rhg8 19. Rb1 Bxf3 20. Qxf3 Qxa2 21. Bc6 Be5 22. Rfe1 Bd6 23. Rbd1 Qc4 24. Re4 Qc5 25. g3 Rg6 26. Red4 Rf6 27. Qe4 Be5 28. R4d2 h5 29. Rc2 Qa5 30. Kg2 Rg6 31. Re2 Bf6 32. Qf4 Kf8 33. Qd6+ Kg7 34. Be4 Rg5 35. h4 Rg4 36. Bf3 Rc4 37. Red2 Qc5 38. Qxa6 Qe5 39. Qxc4 Be7 40. Qd4 Bf6 41. Qxe5 Bxe5 42. Bxh5 Bf6 43. Bf3 Kf8 44. Rc2 Ke7 45. Rc8 Be5 46. Rxd8 Kxd8 47. h5 Bg7 48. g4 Bh6 49. Be4 f6 50. Bg6 e5 51. Kf3 Bg5 52. Ke4 Bf4 53. Bf5 Bg5 54. f3 Bf4 55. Kd5 Bg5 56. Rb1 Ke7 57. Rb8 Kf7 58. d8=Q Kg7 59. Qd7+ Kh6 60. Qh7# 1-0


[Site "https://www.chess.com"]

[Event "Titled Tuesday Blitz March 21 Early 2023"]
[White "Galchenko, Matvey"]
[Black "Tsydypov, Zhamsaran"]
[WhiteFideId "24175480"]
[BlackFideId "4108566"]
[WhiteElo "2404"]
[BlackElo "2584"]
[Result "0-1"]
[Round "05"]
[TimeControl "180+2"]
[Date "2023.03.21"]
[WhiteClock "0:01:04"]
[BlackClock "0:01:31"]

1. e4 c6 2. d4 d5 3. exd5 cxd5 4. Bd3 g6 5. c3 Bg7 6. Bf4 Nc6 7. Nd2 f6 8. Qe2 e5 9. Bg3 Nge7 10. Bb5 O-O 11. dxe5 fxe5 12. Ngf3 e4 13. Nd4 Bxd4 14. Bxc6 Nxc6 15. cxd4 Nxd4 16. Qd1 e3 17. Nb3 exf2+ 18. Kf1 Nf5 19. Qd2 d4 20. Bf4 Qd5 21. Rd1 Nh4 0-1


[Site "https://www.chess.com"]

[Event "Titled Tuesday Blitz March 21 Early 2023"]
[White "Idani, Pouya"]
[Black "Van Foreest, Jorden"]
[WhiteFideId "12510130"]
[BlackFideId "1039784"]
[WhiteElo "2574"]
[BlackElo "2633"]
[Result "1-0"]
[Round "05"]
[TimeControl "180+2"]
[Date "2023.03.21"]
[WhiteClock "0:00:15"]
[BlackClock "0:00:53"]

1. e4 c6 2. d4 d5 3. e5 Bf5 4. g4 Bd7 5. Nc3 e6 6. Be3 Ne7 7. Qd2 h5 8. gxh5 Nf5 9. Bg5 Qb6 10. O-O-O c5 11. dxc5 Bxc5 12. Bd3 Nd4 13. h6 gxh6 14. Bf6 Rf8 15. Qxh6 Nbc6 16. Nh3 Ne7 17. Bg7 Ndf5 18. Bxf5 Nxf5 19. Qh7 Nxg7 20. Qxg7 O-O-O 21. Ng5 Rg8 22. Qf6 Rg6 23. Qf4 Bxf2 24. Rd3 d4 25. Nce4 Be3+ 26. Rxe3 dxe3 27. Nd6+ Kb8 28. Re1 Rdg8 29. h4 e2 30. Rxe2 Qg1+ 31. Kd2 Bc6 32. Qe3 Rh6 33. Qxg1 1-0


[Site "https://www.chess.com"]

[Event "Titled Tuesday Blitz March 21 Early 2023"]
[White "Smirnov, Pavel"]
[Black "Deac, Bogdan-Daniel"]
[WhiteFideId "4123425"]
[BlackFideId "1226380"]
[WhiteElo "2519"]
[BlackElo "2649"]
[Result "1-0"]
[Round "05"]
[TimeControl "180+2"]
[Date "2023.03.21"]
[WhiteClock "0:00:11"]
[BlackClock "0:00:04"]

1. d4 Nf6 2. c4 e6 3. g3 d5 4. Nf3 dxc4 5. Bg2 Bd7 6. O-O Bc6 7. Qc2 b5 8. Nc3 Be7 9. e4 b4 10. d5 bxc3 11. dxc6 Qd3 12. Qa4 cxb2 13. Bxb2 c3 14. Ne5 Qd2 15. Nc4 Qd4 16. Rad1 Qc5 17. Bxc3 O-O 18. Bd4 Qxc6 19. Qb3 Qa6 20. Bxf6 gxf6 21. e5 Nc6 22. exf6 Rab8 23. fxe7 Nxe7 24. Qc2 c6 25. Ne5 Rfd8 26. h4 Nd5 27. Qxc6 Qxa2 28. Bxd5 Rxd5 29. Rxd5 Qxd5 30. Qxd5 exd5 31. Ra1 Rb7 32. Ra5 d4 33. Ra4 f6 34. Nf3 d3 35. Rd4 Rb3 36. Ne1 Rb1 37. Kf1 a5 38. Rxd3 a4 39. Ra3 Rb4 40. Ke2 f5 41. Nd3 Re4+ 42. Kd2 Kf7 43. f3 Rc4 44. Ne5+ 1-0


[Site "https://www.chess.com"]

[Event "Titled Tuesday Blitz March 21 Early 2023"]
[White "Makhnev, Denis"]
[Black "Mahdavi, Reza"]
[WhiteFideId "13707647"]
[BlackFideId "12595926"]
[WhiteElo "2525"]
[BlackElo "2208"]
[Result "1-0"]
[Round "05"]
[TimeControl "180+2"]
[Date "2023.03.21"]
[WhiteClock "0:00:04"]
[BlackClock "0:01:05"]

1. d4 Nf6 2. c4 g6 3. g3 Bg7 4. Bg2 O-O 5. Nc3 d6 6. Nf3 c5 7. d5 e6 8. O-O exd5 9. cxd5 Re8 10. Bf4 a6 11. a4 Qc7 12. Rc1 Nbd7 13. h3 Nh5 14. Bd2 Rb8 15. Re1 b5 16. axb5 axb5 17. b4 c4 18. e4 Ne5 19. Nxe5 Bxe5 20. Be3 Bd7 21. Qd2 Ra8 22. g4 Nf6 23. Ne2 Ra3 24. f4 Bb2 25. Qxb2 Rxe3 26. Qxf6 Rd3 27. Kh1 Qb6 28. f5 Ra8 29. Rf1 Be8 30. Nf4 Rd2 31. e5 Qd4 32. fxg6 hxg6 33. Nxg6 fxg6 34. Qf8+ Kh7 35. Qe7+ Kh6 36. Rf8 Qxe5 37. g5+ Kh5 38. Qh7+ Kxg5 39. Rg1 Ra1 40. Bf1+ Rg2 41. Rxg2+ Qg3 42. Rxg3# 1-0


[Site "https://www.chess.com"]

[Event "Titled Tuesday Blitz March 21 Early 2023"]
[White "Bok, Benjamin"]
[Black "Molina, Roberto Junio Brito"]
[WhiteFideId "1017063"]
[BlackFideId "2109450"]
[WhiteElo "2658"]
[BlackElo "2376"]
[Result "1-0"]
[Round "05"]
[TimeControl "180+2"]
[Date "2023.03.21"]
[WhiteClock "0:00:05"]
[BlackClock "0:00:02"]

1. c4 c6 2. Nf3 d5 3. e3 Nf6 4. Nc3 a6 5. d4 Bf5 6. Ne5 h6 7. cxd5 cxd5 8. Qb3 Ra7 9. Bd2 e6 10. Rc1 Bd6 11. Qa4+ Nbd7 12. Nb5 axb5 13. Qxa7 O-O 14. Bxb5 Nxe5 15. dxe5 Bxe5 16. Bb4 Bxb2 17. Bxf8 Bxc1 18. O-O Bb2 19. Bc5 Be5 20. Qxb7 Qa5 21. Bd4 Bxd4 22. exd4 Qxa2 23. h3 Qd2 24. Qb8+ Kh7 25. Qa7 Bg6 26. Ba4 Ne4 27. Be8 Nd6 28. Bc6 Nf5 29. Be8 Qxd4 30. Qxd4 Nxd4 31. Ra1 f6 32. Bd7 e5 33. Ra5 Bf7 34. Ra7 Kg8 35. Ra8+ Kh7 36. Rd8 g5 37. Bc8 Kg7 38. Bb7 Ne2+ 39. Kf1 Nf4 40. g3 Nxh3 41. f3 h5 42. Bxd5 Bxd5 43. Rxd5 g4 44. Rd7+ Kg6 45. Kg2 Ng5 46. fxg4 hxg4 47. Ra7 Ne6 48. Ra4 Nd4 49. Ra8 Kf5 50. Rg8 Nf3 51. Kf2 Ng5 52. Ra8 Ne4+ 53. Kg2 Nc3 54. Ra3 Nd5 55. Kf2 Nb4 56. Ra8 Nc6 57. Rh8 Nd4 58. Ke3 Nc2+ 59. Kd3 Nb4+ 60. Ke2 Ke4 61. Rg8 f5 62. Ra8 Nc6 63. Ra4+ Nd4+ 64. Kf2 f4 65. gxf4 exf4 66. Ra8 g3+ 67. Kg2 Nf5 68. Re8+ Kd5 69. Kf3 g2 70. Kxg2 Nd4 71. Kf2 Kc5 72. Re4 f3 73. Ke3 f2 74. Kxf2 Kd5 75. Re8 Ne6 76. Ke3 Nc5 77. Rd8+ Ke5 78. Rh8 Ne6 79. Rh5+ Kd6 80. Ke4 Nc5+ 81. Kd4 Ne6+ 82. Kc4 Nf4 83. Rf5 Ne6 84. Rd5+ Kc6 85. Rd1 Nf4 86. Re1 Kd6 87. Rf1 Ne6 88. Rf5 Nc7 89. Rh5 Ne6 90. Rd5+ Kc6 91. Rd2 Nf4 92. Kd4 Ne6+ 93. Ke5 Nc5 94. Rc2 Kb5 95. Kd5 Nb3 96. Rc8 Kb4 97. Rc4+ Kb5 98. Rh4 Nc5 99. Rh1 Nb3 100. Rh3 Nc5 101. Rc3 Na6 102. Rb3+ Ka4 103. Rb7 Ka5 104. Kc4 Ka4 105. Rb1 Ka5 106. Rb2 Ka4 107. Ra2# 1-0


[Site "https://www.chess.com"]

[Event "Titled Tuesday Blitz March 21 Early 2023"]
[White "Ioannidis, Evgenios"]
[Black "Gholami Orimi, Mahdi"]
[WhiteFideId "4229274"]
[BlackFideId "12558486"]
[WhiteElo "2386"]
[BlackElo "2363"]
[Result "0-1"]
[Round "05"]
[TimeControl "180+2"]
[Date "2023.03.21"]
[WhiteClock "0:00:08"]
[BlackClock "0:00:41"]

1. d4 Nf6 2. c4 g6 3. Nc3 d5 4. Nf3 Bg7 5. Bg5 Ne4 6. Bf4 g5 7. Nxg5 Nxc3 8. bxc3 c5 9. e3 Nc6 10. Nf3 Qa5 11. Qd2 dxc4 12. Bxc4 Bg4 13. Ng5 Bh5 14. O-O cxd4 15. exd4 O-O 16. Rfe1 e5 17. dxe5 Nxe5 18. Bxe5 Bxe5 19. Nxf7 Bxc3 20. Ng5+ Kh8 21. Re7 Bg6 22. Qc1 Rac8 23. Be6 Bxa1 24. Bxc8 Bf6 25. Nxh7 Bxh7 26. Re3 Bd4 27. Rh3 Rxf2 0-1


[Site "https://www.chess.com"]

[Event "Titled Tuesday Blitz March 21 Early 2023"]
[White "Zakhartsov, Vladimir"]
[Black "Kamsky, Gata"]
[WhiteFideId "4145097"]
[BlackFideId "2000024"]
[WhiteElo "2521"]
[BlackElo "2666"]
[Result "0-1"]
[Round "05"]
[TimeControl "180+2"]
[Date "2023.03.21"]
[WhiteClock "0:00:06"]
[BlackClock "0:01:08"]

1. d4 d5 2. c4 c6 3. Nf3 Nf6 4. Nc3 a6 5. a4 e6 6. e3 a5 7. Bd3 Na6 8. e4 dxe4 9. Nxe4 Nxe4 10. Bxe4 Bb4+ 11. Kf1 Be7 12. h4 f5 13. Bc2 c5 14. Be3 O-O 15. d5 Nb4 16. Bb3 b6 17. Kg1 Bf6 18. Qd2 e5 19. g3 h6 20. Kg2 Bd7 21. Rag1 Qe8 22. Qd1 Rd8 23. Bd2 e4 24. Ne1 Bxb2 25. Be3 Qe5 26. Bf4 Qf6 27. Nc2 Nd3 28. Ne3 Be5 29. Bxe5 Qxe5 30. Bc2 f4 31. Bxd3 fxe3 32. f4 exf3+ 33. Kh2 e2 34. Qd2 f2 0-1


[Site "https://www.chess.com"]